AoeStats
← Blin4ik

African Clearing

504450699Analyzed
4v4 RM · 28d ago on Sep 5, 2026· 50m 6s· 8 players
Game mode
Random Map
Map size
Large (8 player)
Population
200
Speed
Normal
Resources
Standard
Victory
Conquest
Starting age
Dark Age
Ending age
Imperial Age
RankedLock teamsTeams togetherTeam positionsShared explorationLock speedFull tech treeHidden civsTurbo modeCheats
Victory
Defeat
🇷🇺 Vietnamese · Russia
1095
+15
🇬🇷 Mongols · Greece
1085
+16
🇷🇺 Magyars · Russia
1077
+16
🇮🇹 Huns · Italy
1073
+16
🇪🇸 Magyars · Spain
1117
-17
🇹🇼 Khmer · Taiwan
1073
-16
🇨🇳 Berbers · China
1065
-15
🇷🇴 Inca · Romania
1060
-15
Clubnarghy
5:13 Loom
15:36 Feudal Age
16:07 Town Watch
16:57 Wheelbarrow
16:54 Double-Bit Axe
18:16 Horse Collar
20:29 Fishing Lines
24:01 Castle Age
25:08 Town Patrol
25:09 Stone Mining
25:11 Gold Mining
24:45 Pikeman
27:36 Bow Saw
29:20 Bloodlines
29:42 Hand Cart
33:16 Gold Shaft Mining
32:39 Gillnets
37:28 Imperial Age
35:23 Heavy Plow
35:46 Husbandry
35:08 Light Cavalry
35:52 Marauders
38:00 Hussar
39:45 Two-Man Saw
38:55 Scale Barding Armor
39:01 Forging
38:41 Fletching
39:15 Ballistics
39:05 Masonry
39:57 Chemistry
39:53 Guilds
41:46 Chain Barding Armor
41:29 Elite Tarkan
43:52 Parthian Tactics
43:33 Thumb Ring
45:09 Plate Barding Armor
45:10 Iron Casting
44:30 Bodkin Arrow
44:34 Murder Holes
44:42 Padded Archer Armor
45:31 Coinage
46:30 Heavy Cavalry Archer
Fazer
5:00 Loom
14:36 Feudal Age
26:42 Castle Age
26:32 Fletching
31:03 Bodkin Arrow
34:29 Wheelbarrow
35:01 Town Watch
40:17 Padded Archer Armor
41:53 Hand Cart
42:37 Bloodlines
43:46 Gold Mining
44:38 Leather Archer Armor
Blin4ik
15:17 Feudal Age
15:45 Double-Bit Axe
15:41 Horse Collar
18:20 Stone Mining
22:36 Castle Age
22:04 Wheelbarrow
23:28 Bow Saw
23:23 Heavy Plow
24:34 Forging
25:20 Squires
25:06 Arson
26:01 Fletching
26:05 Gold Mining
28:32 Pikeman
33:41 Hand Cart
37:41 Stone Shaft Mining
40:48 Imperial Age
40:53 Capped Ram
41:58 Paper Money
45:59 Iron Casting
45:24 Scale Mail Armor
46:39 Two-Man Saw
46:13 Crop Rotation
45:42 Halberdier
49:21 Chain Mail Armor
49:02 Bodkin Arrow
48:51 Treadmill Crane
49:16 Siege Engineers
sybertuk
10:19 Loom
12:37 Feudal Age
15:16 Man-at-Arms
19:16 Wheelbarrow
23:23 Double-Bit Axe
23:19 Horse Collar
29:03 Castle Age
28:01 Scale Barding Armor
36:30 Bow Saw
37:18 Heavy Plow
39:55 Masonry
41:30 Chain Barding Armor
41:29 Fletching
42:44 Corvinian Army
45:28 Imperial Age
43:08 Bodkin Arrow
44:48 Padded Archer Armor
45:11 Ballistics
46:00 Bloodlines
45:52 Husbandry
46:34 Leather Archer Armor
46:57 Plate Barding Armor
46:25 Bracer
47:27 Chemistry
46:23 Murder Holes
46:53 Conscription
46:51 Light Cavalry
47:06 Elite Magyar Huszar
49:24 Thumb Ring
yosua
4:20 Loom
11:20 Loom
13:41 Feudal Age
16:13 Scale Barding Armor
17:19 Horse Collar
19:00 Bloodlines
24:17 Castle Age
24:21 Double-Bit Axe
25:51 Fletching
38:33 Husbandry
46:20 Wheelbarrow
47:13 Chain Barding Armor
48:09 Hand Cart
49:23 Heavy Plow
Nielu256
14:19 Feudal Age
15:08 Double-Bit Axe
16:00 Loom
18:50 Fletching
19:37 Champi Runner
21:54 Horse Collar
24:53 Wheelbarrow
27:50 Castle Age
26:28 Padded Archer Armor
26:33 Gold Mining
26:51 Stone Mining
27:37 Scale Mail Armor
27:58 Pikeman
30:25 Bow Saw
30:40 Bodkin Arrow
37:18 Imperial Age
38:12 Hand Cart
37:42 Town Watch
38:24 Chain Mail Armor
38:19 Forging
38:10 Bracer
38:25 Leather Archer Armor
38:57 Heavy Plow
41:41 Plate Mail Armor
41:47 Iron Casting
40:34 Crossbowman
41:21 Arbalester
42:41 Ring Archer Armor
42:43 Ballistics
44:34 Chemistry
44:42 Thumb Ring
45:32 Iron Casting
44:41 Treadmill Crane
46:01 Town Patrol
47:20 Fabric Shields
47:42 Conscription
49:31 Hoardings
48:57 Andean Sling
48:56 Halberdier
49:38 Squires
三倍做空腾讯
3:45 Loom
13:25 Feudal Age
14:11 Double-Bit Axe
18:59 Castle Age
18:20 Bloodlines
18:23 Scale Barding Armor
18:51 Forging
18:46 Horse Collar
21:11 Wheelbarrow
24:11 Stone Mining
35:19 Imperial Age
36:55 Imperial Age
38:48 Bow Saw
39:16 Hand Cart
43:16 Cavalier
43:56 Husbandry
46:08 Heavy Plow
hello are you ok
5:10 Loom
13:07 Feudal Age
18:04 Castle Age
17:17 Double-Bit Axe
18:40 Scale Barding Armor
19:14 Bloodlines
27:02 Horse Collar
27:36 Bow Saw
28:04 Town Watch
33:39 Elite Skirmisher
40:31 Ballistics
41:12 Scale Mail Armor
41:08 Gold Mining
41:35 Arson
43:44 Forging
43:59 Stone Mining
44:47 Fletching
45:04 Pikeman
47:20 Chain Mail Armor
Connection lost

Rejoining the realm…

Still unreachable

The connection could not be restored.

Session expired

The server has moved on; the page needs a fresh start.